 Dungeon Crawl Stone Soup version 0.28.0-53-g5a82cb258f (webtiles) character file.

Game seed: 6924673906451622007

25 Gabide the Shooter (level 2, 0/17 HPs)
             Began as a Deep Elf Hunter on June 18, 2022.
             Slain by a hobgoblin (1 damage)
             ... on level 1 of the Dungeon.
             The game lasted 00:01:12 (793 turns).

Gabide the Shooter (Deep Elf Hunter)                 Turns: 793, Time: 00:01:12

Health: 0/17       AC:  3    Str:  9    XL:     2   Next: 82%
Magic:  4/4        EV: 12    Int: 15    God:
Gold:   67         SH:  0    Dex: 15    Spells: 1/1 levels left

rFire   . . .      SeeInvis .   a - +1 shortbow
rCold   . . .      Faith    .   (shield currently unavailable)
rNeg    . . .      Spirit   .   c - +0 leather armour
rPois   .          Reflect  .   (no helmet)
rElec   .          Harm     .   (no cloak)
rCorr   .          Rampage  .   (no gloves)
Will    .....                   (no boots)
Stlth   ++........              (no amulet)
HPRegen 0.05/turn               (no ring)
MPRegen 0.09/turn               (no ring)

@: no status effects
A: no striking features
a: no special abilities


You were on level 1 of the Dungeon.
You visited 1 branch of the dungeon, and saw 1 of its levels.

You collected 67 gold pieces.

Inventory:

Hand Weapons
 a - a +1 shortbow (weapon)
 b - a +0 short sword
Missiles
 d - 8 arrows (quivered ammo)
Armour
 c - a +0 leather armour (worn)
Scrolls
 e - a scroll of teleportation {unknown}
 f - a scroll of torment {unknown}
 g - a scroll of magic mapping {unknown}


   Skills:
 + Level 2.2 Fighting
 + Level 5.9 Bows
 - Level 2.4 Dodging
 - Level 1.2 Stealth


You had one spell level left.
You didn't know any spells.
Your spell library was empty.

Dungeon Overview and Level Annotations

Branches:
Dungeon (1/15)

Altars:


Message History

You kill the giant cockroach!
The hobgoblin hits you.
* * * LOW HITPOINT WARNING * * *
Found a stone staircase leading down.
You see here an arrow.
You aren't carrying any potions.
a - a +1 shortbow (weapon)
Fire: 14 arrows
Press: ? - help, Q - select action Shift-Dir - straight line, f - hobgoblin
Aim: a hobgoblin (63% to hit)
You shoot an arrow. The arrow closely misses the hobgoblin.
The hobgoblin closely misses you.
Fire: 13 arrows
Press: ? - help, Q - select action Shift-Dir - straight line, f/p - hobgoblin
Aim: a hobgoblin (63% to hit)
You shoot an arrow. The arrow hits the hobgoblin!
You kill the hobgoblin!
Fire: 12 arrows
Press: ? - help, Q - select action Shift-Dir - straight line, f - hobgoblin
Aim: a hobgoblin (63% to hit)
You shoot an arrow. The arrow hits the hobgoblin.
The hobgoblin is heavily wounded.
The hobgoblin hits you.
* * * LOW HITPOINT WARNING * * *
Fire: 11 arrows
Press: ? - help, Q - select action Shift-Dir - straight line, f/p - hobgoblin
Aim: a hobgoblin (heavily wounded, 63% to hit)
You shoot an arrow. The arrow closely misses the hobgoblin.
The hobgoblin barely misses you.
Fire: 10 arrows
Press: ? - help, Q - select action Shift-Dir - straight line, f/p - hobgoblin
Aim: a hobgoblin (heavily wounded, 63% to hit)
You shoot an arrow. The arrow barely misses the hobgoblin.
The hobgoblin hits you but does no damage.
Fire: 9 arrows
Press: ? - help, Q - select action Shift-Dir - straight line, f/p - hobgoblin
Aim: a hobgoblin (heavily wounded, 63% to hit)
You shoot an arrow. The arrow closely misses the hobgoblin.
The hobgoblin hits you.
You die...

>.# #.......# #.#.# #.#
#.###.##.##.###.#.# #.#
#.#......##.....#.# #.#
#.#......##.#####.# #.#
#.#.............(.# #.#
.........##.####.># #.#
.............g....# #.#
#.####.####.####g## #.# ..#
#......# #@# #.# ..# ########
########## ### ###
###.......##### #
###.............### #########
##.............[...## ##......#
##......####.........##
........###.....########........#
##.#†...##.....###....####.......
#.#....##....##........###......


You could see a hobgoblin.

Vanquished Creatures
  2 dart slugs (D:1)
  2 bats (D:1)
  2 endoplasms (D:1)
  2 giant cockroaches (D:1)
  2 goblins (D:1)
  A hobgoblin (D:1)
  3 jackals (D:1)
  A frilled lizard (D:1)
  A kobold (D:1)
  2 rats (D:1)
18 creatures vanquished.

Notes
Turn   | Place    | Note
-------+----------+-------------------------------------------
     0 | D:1      | Gabide the Deep Elf Hunter began the quest for the Orb.
     0 | D:1      | Reached XP level 1. HP: 12/12 MP: 3/3
   119 | D:1      | Found a faded altar of an unknown god.
   153 | D:1      | Reached XP level 2. HP: 17/17 MP: 4/4
   793 | D:1      | Slain by a hobgoblin

Illustrated notes

Levels and vault maps discovered:
D:1:      dpeg_arrival_snail, layout_loops_ring,
          shapermc_ecumenical_altar_totnotflames

Skill      XL: |  1  2 |
---------------+-------+-----
Fighting       | 2 |  2.2
Bows           | |  5.9
Dodging        | |  2.4
Stealth        | |  1.2

Action                   || total
-------------------------++-------
Melee: Short sword       ||    40
 Fire: Shortbow          ||    36
 Stab: Sleeping          ||     1
Armor: Leather armour    ||    21
Dodge: Dodged            ||    56
